 Dungeon Crawl Stone Soup version 0.26.0-20-g3ca415f5b8 (console) character file.

Game seed: 42644226176813391

399 jejorda2 the Chopper (level 6, -6/56 HPs)
             Began as a Minotaur Berserker on Jan 25, 2021.
             Was a Priest of Trog.
             Mangled by a two-headed ogre
             ... wielding a +0 giant club
              (11 damage)
             ... on level 4 of the Dungeon.
             The game lasted 00:06:05 (2728 turns).

jejorda2 the Chopper (Minotaur Berserker)           Turns: 2728, Time: 00:06:10

Health: -6/56      AC: 13    Str: 23    XL:     6   Next: 53%
Magic:  5/5        EV:  7    Int:  4    God:    Trog [***...]
Gold:   218        SH:  0    Dex: 10    Spells: 5/5 levels left

rFire    . . .     SeeInvis .   a - +0 hand axe
rCold    . . .     Faith    .   (no shield)
rNeg     . . .     Spirit   .   e - +0 plate armour
rPois    +         Reflect  .   (helmet restricted)
rElec    .         Harm     .   (no cloak)
rCorr    .         Rampage  .   j - +0 pair of gloves
Will     ++...                  (no boots)
Stlth    ..........             (no amulet)
HPRegen  1.18/turn              d - ring of attention (curse)
MPRegen  0.09/turn              u - ring of poison resistance

@: berserk cooldown, regenerating, slowed, very slow
A: retaliatory headbutt, horns 2
a: Renounce Religion, Berserk, Trog's Hand


You were on level 4 of the Dungeon.
You worshipped Trog.
Trog was most pleased with you.
You visited 1 branch of the dungeon, and saw 4 of its levels.

You collected 218 gold pieces.

Inventory:

Hand Weapons
 a - a +0 hand axe (weapon)
 x - a +0 flail
Missiles
 i - 19 poisoned darts (quivered)
 m - 4 javelins
Armour
 e - a +0 plate armour (worn)
 j - a +0 pair of gloves (worn)
Jewellery
 d - a cursed ring of attention (left hand)
 o - a +6 ring of dexterity
 u - a ring of poison resistance (right hand)
Scrolls
 b - 3 scrolls of magic mapping {unknown}
 f - 2 scrolls of enchant armour {unknown}
 g - 6 scrolls of remove curse {unknown}
 q - 2 scrolls of identify {unknown}
 s - 3 scrolls of amnesia {unknown}
 t - 3 scrolls of enchant weapon {unknown}
 v - 3 scrolls of fog {unknown}
 w - 2 scrolls of blinking {unknown}
Potions
 c - 2 potions of curing {unknown}
 h - a potion of invisibility {unknown}
 k - 3 potions of heal wounds {unknown}
 l - a potion of brilliance {unknown}
 n - a potion of attraction {unknown}
 p - a potion of resistance {unknown}
 r - 2 potions of haste {unknown}
 z - 2 potions of might {unknown}


   Skills:
 + Level 5.4 Fighting
 * Level 6.8 Axes
 + Level 4.7 Armour
 - Level 2.1 Dodging


You had 5 spell levels left.
You didn't know any spells.
Your spell library was empty.

Dungeon Overview and Level Annotations

Branches:
Dungeon (4/15)
 Temple: D:4-7

Altars:
Okawaru
Ru
Vehumet
The Shining One


Innate Abilities, Weirdness & Mutations

You reflexively headbutt those who attack you in melee.
You have a pair of horns on your head.


Message History

The two-headed ogre closely misses you.
You hit the two-headed ogre.
Your headbutt misses the two-headed ogre.
The two-headed ogre is severely wounded.
You hit the two-headed ogre but do no damage.
Your headbutt misses the two-headed ogre.
The two-headed ogre is severely wounded.
The two-headed ogre hits you with a +0 giant club!
* * * LOW HITPOINT WARNING * * *
The two-headed ogre closely misses you.
You completely miss the two-headed ogre.
The two-headed ogre is severely wounded.
Your plate armour prevents you from hitting the two-headed ogre.
The two-headed ogre is severely wounded.
You are no longer berserk.
You are exhausted.
You feel yourself slow down. The two-headed ogre barely misses you.
You furiously retaliate!
You headbutt the two-headed ogre!
The two-headed ogre hits you with a +0 giant spiked club!
You die...

#........# #........#
#........# #........#
#........# #........#
#........#
.#######........#
......O@........########
.................††.....
.###.###.........#######
# ###+#..........#
#........####+#
#........+ . #........##
.. #......).<# ...
#.........# ....


You could see a two-headed ogre.

Vanquished Creatures
  Grinder (D:3)
  A hound (D:3)
  A worker ant (D:2)
  2 adders
  2 oozes
  3 worms
  A dart slug (D:1)
  4 leopard geckos
  9 orcs (D:3)
  A ball python (D:2)
  3 giant cockroaches
  10 hobgoblins
  3 jackals (D:3)
  10 kobolds
  A quokka (D:4)
  11 bats
  2 frilled lizards (D:1)
  15 goblins
  A leopard gecko skeleton (D:4)
  7 rats
88 creatures vanquished.

Notes
Turn   | Place    | Note
-------+----------+-------------------------------------------
     0 | D:1      | jejorda2 the Minotaur Berserker began the quest for the
                  | Orb.
     0 | D:1      | Reached XP level 1. HP: 19/19 MP: 0/0
   327 | D:1      | Reached skill level 4 in Axes
   330 | D:1      | Reached XP level 2. HP: 25/27 MP: 1/1
   696 | D:1      | Reached XP level 3. HP: 28/33 MP: 2/2
   870 | D:1      | Reached ** piety under Trog
  1318 | D:2      | Reached XP level 4. HP: 34/40 MP: 3/3
  1322 | D:2      | Reached skill level 5 in Axes
  1370 | D:2      | Found an iron altar of Okawaru.
  1742 | D:3      | Found a sacrificial altar of Ru.
  1742 | D:3      | Found a glowing golden altar of the Shining One.
  1861 | D:3      | Noticed Grinder
  1936 | D:3      | Reached *** piety under Trog
  2140 | D:3      | Killed Grinder
  2141 | D:3      | Reached skill level 5 in Fighting
  2141 | D:3      | Reached skill level 6 in Axes
  2141 | D:3      | Reached XP level 5. HP: 48/48 MP: 4/4
  2141 | D:3      | Reached XP level 6. HP: 56/56 MP: 5/5
  2250 | D:3      | Found a radiant altar of Vehumet.
  2713 | D:4      | Noticed a two-headed ogre
  2728 | D:4      | Mangled by a two-headed ogre

Illustrated notes

Levels and vault maps discovered:
D:1:      minmay_arrival_stone_box, layout_basic
D:2:      layout_loops_ring, okawaru_trees_2
D:3:      layout_loops_ring, minitemple, vehumet_crystals, uniq_grinder
D:4:      layout_basic, nzn_hepliaklqana_mist_gate, minmay_temple_entry_trees

Skill      XL: |  1  2  3  4 |
---------------+-------------+-----
Axes           | 4 6 |  6.8
Fighting       | 4 5 |  5.4
Armour         | 3 4 |  4.7
Dodging        | |  2.1

Action                   |  1- 3 |  4- 6 || total
-------------------------+-------+-------++-------
Melee: Hand axe          |    82 |   135 ||   217
       Headbutt          |    14 |    26 ||    40
Invok: Berserk           |       |     3 ||     3
       Trog's Hand       |       |     3 ||     3
Armor: Plate armour      |    50 |    80 ||   130
Dodge: Dodged            |    25 |    48 ||    73
